 Dungeon Crawl Stone Soup version 0.30-a0-218-gedb9141078 (webtiles) character file.

Game seed: 3540085272475583701

159 meatgazer the Chopper (level 5, -3/75 HPs)
             Began as a Hill Orc Monk on Oct 5, 2022.
             Was a Believer of Beogh.
             Killed by divine providence
             ... invoked by an orc priest
              (10 damage)
             ... on level 3 of the Dungeon.
             The game lasted 00:04:58 (2523 turns).

meatgazer the Chopper (Hill Orc Monk)               Turns: 2523, Time: 00:04:58

Health: -3/75      AC: 22    Str: 16    XL:     5   Next: 40%
Magic:  5/5        EV:  2    Int: 10    God:    Beogh [**....]
Gold:   107        SH:  0    Dex: 13    Spells: 4/4 levels left

rFire   . . .      SeeInvis .    a - +0 hand axe
rCold   . . .      Faith    .    (no shield)
rNeg    . . .      Spirit   .    (body armour currently unavailable)
rPois   +          Reflect  .    (helmet currently unavailable)
rElec   .          Harm     .    (cloak currently unavailable)
rCorr   .          Rampage  .    (gloves currently unavailable)
Will    +....      NoTele   +    (boots currently unavailable)
Stlth   +.........               (no amulet)
HPRegen 0.32/turn                f - ring of willpower
MPRegen 0.09/turn                (no ring)

@: confused, tree-form, ambrosia-drunk
A: stationary, stasis, torment immunity, boosted hp
a: Renounce Religion, Smiting


You were on level 3 of the Dungeon.
You worshipped Beogh.
Beogh was pleased with you.
You were a tree.
You visited 1 branch of the dungeon, and saw 3 of its levels.

You collected 107 gold pieces.

Inventory:

Hand Weapons
 a - a +0 hand axe (weapon)
Armour
 e - a +1 helmet (melded)
 g - a +2 animal skin (melded)
Jewellery
 f - a ring of willpower (left branch)
Scrolls
 b - a scroll of teleportation
Potions
 d - 3 potions of curing
 h - 2 potions of lignification
 j - a potion of resistance


   Skills:
 + Level 5.6 Fighting
 + Level 6.2 Axes
 - Level 2.4 Dodging
 - Level 1.5 Stealth


You had 4 spell levels left.
You didn't know any spells.
Your spell library contained the following spells:

 Spells                   Type           Power      Damage    Failure   Level
 Slow                     Hex            0%         N/A       36%         1
 Confusing Touch          Hex            0%         N/A       75%         3
 Vampiric Draining        Necr           0%         2d6       75%         3


Dungeon Overview and Level Annotations

Branches:
Dungeon (3/15)

Altars:


Message History

Jessica is severely wounded.
The orc priest calls down the wrath of Beogh upon you.
Beogh smites you!
* * * LOW HITPOINT WARNING * * *
Jessica hits you but does no damage.
You hit Jessica.
You kill Jessica!
Beogh accepts your kill.
An orc priest is nearby!
An orc priest is nearby!
You cannot move.
An orc priest is nearby!
You cannot move.
You cannot move.
An orc priest is nearby!
Okay, then.
You are confused.
You feel invigorated.
An orc priest is nearby!
You cannot move. (Use ctrl+direction or * direction to attack while stationary and confused.)
You cannot move. (Use ctrl+direction or * direction to attack while stationary and confused.)
You cannot move. (Use ctrl+direction or * direction to attack while stationary and confused.) Are you sure you want to swing wildly while confused and next to the non-hostile orc priest?
You nearly hit yourself!
Are you sure you want to swing wildly while confused and next to the non-hostile orc priest?
You swing at nothing.
Are you sure you want to swing wildly while confused and next to the non-hostile orc?
Uppercase [Y]es or [N]o only, please.
Are you sure you want to swing wildly while confused and next to the non-hostile orc?
You swing at nothing.
The orc priest invokes the aid of Beogh against you.
Beogh smites you!
* * * LOW HITPOINT WARNING * * *
You cannot move. (Use ctrl+direction or * direction to attack while stationary and confused.) Are you sure you want to swing wildly while confused and next to the non-hostile orc?
You attack the rock wall.
The orc priest mumbles some strange prayers to Beogh against you.
Beogh smites you!
You die...
Beogh appreciates the orc priest's killing of a heretic priest.

#.. ..# #># #.# #.#
#.## #.# #.. #.#
#####.###### #o#
###...........
###.###...o...######
#..o..o..#.##.######
#.#♣###.... #.......
#.#)###.#####..#####
# #....<.......#
##....######.#
#.#### #.# #.# #.#
#.# #># #.# #.# #.#
.#


You could see an orc priest, a neutral orc priest (wandering) and 2 neutral
orcs.

Vanquished Creatures
  A phantom (D:3)
  Jessica (D:3)
  Robin (D:2)
  An adder (D:2)
  3 bats
  An endoplasm (D:2)
  9 goblins
  6 hobgoblins
  2 kobolds (D:1)
  3 quokkas
  4 ball pythons
  A frilled lizard (D:1)
  8 rats
41 creatures vanquished.

Notes
Turn   | Place    | Note
-------+----------+-------------------------------------------
     0 | D:1      | meatgazer the Hill Orc Monk began the quest for the Orb.
     0 | D:1      | Reached XP level 1. HP: 19/19 MP: 1/1
   226 | D:1      | Reached XP level 2. HP: 27/27 MP: 2/2
   386 | D:1      | You fall into a shaft and drop 1 floor!
   494 | D:2      | Noticed Robin
   507 | D:2      | Killed Robin
   508 | D:2      | Reached XP level 3. HP: 11/34 MP: 3/3
   721 | D:2      | Reached skill level 5 in Axes
  1003 | D:1      | Found a faded altar of an unknown god.
  1806 | D:2      | Reached XP level 4. HP: 41/41 MP: 4/4
  2265 | D:3      | Noticed a phantom
  2289 | D:3      | Killed a phantom
  2290 | D:3      | Reached skill level 5 in Fighting
  2290 | D:3      | Reached skill level 6 in Axes
  2290 | D:3      | Reached XP level 5. HP: 27/48 MP: 5/5
  2501 | D:3      | Noticed Jessica
  2516 | D:3      | Became a worshipper of Beogh the Brigand
  2516 | D:3      | Reached * piety under Beogh
  2516 | D:3      | Reached ** piety under Beogh
  2517 | D:3      | HP: 3/72 [orc priest/divine providence (12)]
  2518 | D:3      | Killed Jessica
  2523 | D:3      | Killed from afar by an orc priest

Illustrated notes

Levels and vault maps discovered:
D:1:      dpeg_arrival_round_c, layout_basic, ebering_ecumenical_altar_webs
D:2:      layout_basic, uniq_robin
D:3:      kennysheep_six_static_rooms, layout_loops_ring, serial_shops,
          shop_fountains, minmay_misc_feat_rows, minmay_pentangle, uniq_terence,
          uniq_jessica

Skill      XL: |  1  2  3  4 |
---------------+-------------+-----
Fighting       | 4 5 |  5.6
Axes           | 5 6 |  6.2
Dodging        | |  2.4
Stealth        | |  1.5

Action                   |  1- 3 |  4- 6 || total
-------------------------+-------+-------++-------
Melee: Hand axe          |   110 |    45 ||   155
       Punch             |     1 |     2 ||     3
Invok: Convert to Beogh  |       |     1 ||     1
  Use: Potion            |     3 |     2 ||     5
       Scroll            |     7 |     1 ||     8
 Stab: Sleeping          |     6 |       ||     6
Armor: Robe              |    14 |       ||    14
       Animal skin       |    25 |    10 ||    35
       Skin              |       |     4 ||     4
Dodge: Dodged            |    65 |    21 ||    86

Table legend: (Time is in decaauts)
 A = Elapsed time spent in this place.
 B = Non-inter-level travel time spent in this place.
 C = Inter-level travel time spent in this place.
 D = Time resting spent in this place.
 E = Time spent auto-exploring this place.
 F = Levels seen in this place.
 G = Mean time per level.
                   A        B        C        D        E       F      G
               +--------+--------+--------+--------+--------+-----+--------+
         Total |   2531 |   2500 |     31 |    326 |   1738 |   3 |  843.7 |
       Dungeon |   2531 |   2500 |     31 |    326 |   1738 |   3 |  843.7 |
               +--------+--------+--------+--------+--------+-----+--------+

Top non-repeatable levels by time:
     D:2: 1260 daAuts
     D:1: 969 daAuts
     D:3: 302 daAuts
